 Seeded DCSS version 0.28.0-56-g4927b6849a (webtiles) character file.

Game seed: 20230212 (custom seed)

34 Mickster the Covered (level 3, -4/28 (31) HPs)
             Began as a Demigod Fighter on Feb 12, 2023.
             Slain by a worm (5 damage)
             ... on level 2 of the Dungeon.
             The game lasted 00:07:23 (1018 turns).

Mickster the Covered (Demigod Fighter)              Turns: 1018, Time: 00:07:27

HP:   -4/28 (31)    AC:  6    Str: 21    XL:     3   Next: 1%
MP:   5/5           EV:  9    Int: 10    God:
Gold: 32            SH:  4    Dex: 13    Spells: 2/2 levels left

rFire   . . .      SeeInvis .   a - +1 rapier
rCold   . . .      Faith    .   c - +0 buckler
rNeg    . . .      Spirit   .   b - +0 scale mail
rPois   .          Reflect  .   (no helmet)
rElec   .          Harm     .   (no cloak)
rCorr   .          Rampage  .   (no gloves)
Will    .....                   (no boots)
Stlth   ..........              (no amulet)
HPRegen 0.09/turn               (no ring)
MPRegen 0.09/turn               (no ring)

@: drained, very slow
A: high MP 1, forlorn, divine attributes
a: no special abilities


You were on level 2 of the Dungeon.
You visited 1 branch of the dungeon, and saw 2 of its levels.

You collected 32 gold pieces.

Inventory:

Hand Weapons
 a - a +1 rapier (weapon)
Armour
 b - a +0 scale mail (worn)
 c - a +0 buckler (worn)
Scrolls
 e - 2 scrolls of identify
Potions
 d - a potion of might


   Skills:
 + Level 3.0 Fighting
 + Level 2.4 Short Blades
 + Level 3.0 Armour
 + Level 0.2 Dodging
 + Level 2.8 Shields


You had 2 spell levels left.
You didn't know any spells.
Your spell library was empty.

Dungeon Overview and Level Annotations

Branches:
Dungeon (2/15)


Innate Abilities, Weirdness & Mutations

You have an increased reservoir of magic. (+10% MP)
You shall have no god before yourself.
Your divine heritage dramatically boosts your attributes as you level up.


Message History

The jackal barely misses you. The jackal closely misses you.
The giant cockroach barely misses you.
The jackal bites you but does no damage.
The worm splashes around in the water.
Your unstable footing causes you to fumble your attack.
The jackal bites you.
The giant cockroach bites you but does no damage.
The jackal bites you but does no damage.
The jackal bites you. The giant cockroach bites you.
The jackal closely misses you.
You hit the worm.
The worm is moderately wounded.
The jackal bites you but does no damage.
You block the jackal's attack. The giant cockroach closely misses you.
You block the worm's attack. The jackal closely misses you.
Your unstable footing causes you to fumble your attack.
The jackal barely misses you. The giant cockroach barely misses you.
The jackal bites you but does no damage.
The jackal closely misses you. The worm bites you.
* * * LOW HITPOINT WARNING * * *
Your unstable footing causes you to fumble your attack.
You block the jackal's attack. The giant cockroach barely misses you.
The jackal bites you.
* * * LOW HITPOINT WARNING * * *
The jackal bites you.
* * * LOW HITPOINT WARNING * * *
The giant cockroach bites you but does no damage.
The jackal barely misses you.
You hit the jackal but do no damage. The jackal closely misses you.
You block the giant cockroach's attack.
The jackal bites you but does no damage.
The worm bites you.
* * * LOW HITPOINT WARNING * * *
You hit the jackal.
The jackal is heavily wounded.
The jackal bites you but does no damage.
The giant cockroach barely misses you. The jackal bites you.
* * * LOW HITPOINT WARNING * * *
You block the jackal's attack. The worm bites you.
You die...

#### #... #.⌠P .
##..P .# #..⌠.
.$# ###..≈. ≈.##
.....≈.####.⌠...
##.≈...B.P≈...
#..⌠≈≈@wr⌠≈.#
#.....hh....#
#..####g###.#
##. ... # # ####


You could see a worm, 2 jackals, a giant cockroach, a goblin and a rat.

Vanquished Creatures
  An adder (D:2)
  A dart slug (D:2)
  An endoplasm (D:1)
  A giant cockroach (D:2)
  A hobgoblin (D:1)
  4 jackals (D:1)
  2 ball pythons (D:1)
  A bat (D:1)
  4 frilled lizards
  3 goblins
  3 kobolds
  A rat (D:2)
23 creatures vanquished.

Vanquished Creatures (others)
  2 fungi (D:2)
  A plant (D:2)
3 creatures vanquished.

Grand Total: 26 creatures vanquished

Notes
Turn   | Place    | Note
-------+----------+-------------------------------------------
     0 | D:1      | Mickster the Demigod Fighter began the quest for the Orb.
     0 | D:1      | Reached XP level 1. HP: 18/18 MP: 3/3
   148 | D:1      | Reached XP level 2. HP: 8/25 MP: 4/4
   887 | D:2      | Reached XP level 3. HP: 28/28 MP: 5/5
  1018 | D:2      | HP: 1/28 [jackal (3)]
  1018 | D:2      | Slain by a worm

Illustrated notes

Levels and vault maps discovered:
D:1:      minmay_arrival_semitransparent, layout_basic
D:2:      layout_loops_ring, shapermc_ecumenical_altar_acropolis

Skill      XL: |  1  2 |
---------------+-------+-----
Armour         | 3 |  3.0
Short Blades   | 2 |  2.4
Fighting       | 3 |  3.0
Dodging        | |  0.2
Shields        | |  2.8

Action                   || total
-------------------------++-------
Melee: Rapier            ||    91
  Use: Scroll            ||     5
Armor: Scale mail        ||    66
Dodge: Dodged            ||    69
Block: Buckler           ||    30
